Map: Acid Plant LE

Players

HellraiseR

  • Race: Protoss Protoss
  • League: Master
  • Spawn Location: 11:00

soul - Winner!

  • Race: Terran Terran
  • Spawn Location: 5:00

Event: HomeStory Cup XVIII

VOD

Have the link to the VOD?

Description

Time

  • Played on: Nov. 23, 2018, 9:40 a.m.
  • Length: 17:34

All games in this series

Show
View Real Time Build Order
Export as new Build Order

HellraiseR Protoss 

Build Orders: 1 Gate Expand, Oracle Opening, Phoenix Opening 

Get SALT Encoding   

  12  0:01  Probe  
  13  0:13  Probe  
  14  0:17  Pylon  
  14  0:22  Probe  
  15  0:31  Probe  
  15  0:38  Gateway  
  15  0:42  Probe  
  16  0:47  Assimilator  
  17  0:54  Probe  
  18  1:07  Probe  
  19  1:21  Nexus  
  19  1:25  Probe  
  20  1:34  Cybernetics Core  
  20  1:37  Probe  
  21  1:42  Assimilator  
  21  1:49  Probe  
  21  1:53  Pylon  
  22  1:57  Probe  
  23  2:02  Adept  
  23  2:07  Probe  
  26  2:18  Probe  
  26  2:22  Stargate  
  27  2:29  Adept  
  29  2:30  Probe  
  29  2:33  Probe  
  29  2:35  Warp Gate  
  30  2:41  Probe  
  30  2:43  Probe  
  33  2:51  Probe  
  33  2:55  Oracle, Probe  
  35  3:03  Probe  
  39  3:07  Probe  
  39  3:12  Pylon  
  40  3:15  Probe  
  40  3:19  Probe  
  42  3:23  Assimilator  
  42  3:25  Phoenix  
  42  3:28  Probe  
  42  3:31  Probe  
  46  3:40  Gateway x2, Probe  
  47  3:43  Probe  
  47  3:47  Oracle  
  48  3:52  Probe  
  48  3:55  Pylon, Probe  
  53  4:04  Probe  
  53  4:08  Pylon  
  54  4:13  Probe  
  54  4:16  Probe  
  56  4:17  Twilight Council  
  56  4:18  Forge  
  56  4:25  Probe  
  56  4:26  Phoenix  
  56  4:30  Protoss Ground Weapons Level 1  
  60  4:33  Blink  
  60  4:34  Probe  
  60  4:37  Nexus  
  60  4:39  Pylon  
  60  4:44  Probe  
  61  4:46  Probe  
  62  4:56  Probe  
  62  4:59  Assimilator, Probe  
  64  5:05  Pylon  
  64  5:08  Probe  
  64  5:11  Pylon, Probe  
  66  5:20  Probe  
  66  5:21  Gateway  
  67  5:22  Gateway  
  67  5:24  Gateway  
  67  5:26  Probe  
  66  5:32  Probe  
  62  5:38  Probe  
  59  5:44  Probe  
  60  5:50  Probe x2  
  60  5:54  Sentry, Stalker  
  60  5:56  Stalker  
  60  5:57  Probe  
  69  6:00  Gateway  
  69  6:02  Gateway, Probe  
  69  6:03  Probe  
  71  6:09  Probe  
  72  6:12  Protoss Ground Weapons Level 2  
  72  6:14  Probe  
  72  6:15  Probe  
  74  6:21  Probe  
  75  6:26  Charge  
  75  6:27  Sentry, Stalker  
  75  6:28  Stalker x4  
  75  6:32  Pylon  
  87  6:34  Probe  
  87  6:35  Probe x2  
  88  6:46  Probe  
  89  6:48  Probe  
  89  6:51  Probe  
  89  6:53  Robotics Facility  
  91  6:58  Probe  
  91  7:00  Pylon, Probe  
  93  7:03  Probe  
  93  7:04  Pylon  
  94  7:10  Probe  
  94  7:11  Stalker x3  
  94  7:12  Probe  
  102  7:15  Probe  
  102  7:17  Photon Cannon  
  102  7:19  Photon Cannon  
  102  7:22  Probe  
  104  7:25  Probe  
  105  7:30  Assimilator  
  105  7:31  Stalker x2  
  105  7:34  Pylon  
  105  7:35  Assimilator  
  109  7:42  Pylon  
  109  7:45  Stalker x3  
  109  7:46  Stalker  
  109  7:48  Observer  
  118  7:55  Pylon  
  118  8:01  Warp Prism  
  118  8:02  Nexus  
  118  8:06  Robotics Bay  
  118  8:11  Probe x2  
  122  8:13  Probe  
  123  8:20  Pylon  
  123  8:21  Protoss Ground Armor Level 1  
  123  8:23  Stalker x2, Probe  
  128  8:32  Probe  
  128  8:33  Probe  
  128  8:34  Pylon  
  130  8:37  Probe  
  131  8:44  Probe  
  119  8:56  Zealot x8  
  121  9:17  Zealot x4  
  121  9:22  Probe  
  125  9:26  Probe  
  125  9:30  Probe  
  127  9:35  Probe  
  127  9:38  Probe  
  129  9:43  Zealot, Probe  
  129  9:44  Zealot x3  
  142  9:49  Probe  
  131  10:00  Probe x2  
  131  10:06  Colossus  
  129  10:08  Protoss Ground Weapons Level 3  
  129  10:09  Pylon  
  129  10:11  Pylon  
  129  10:13  Pylon  
  127  10:14  Nexus  
  127  10:21  Probe x3  
  130  10:29  Zealot x4  
  130  10:30  Zealot x4  
  130  10:33  Probe  
  147  10:36  Probe  
  147  10:41  Extended Thermal Lance  
  148  10:44  Pylon, Probe  
  148  10:45  Probe  
  148  10:46  Colossus  
  148  10:48  Probe  
  150  10:59  Stalker  
  150  11:00  Stalker x4  
  129  11:19  Probe x3  
  129  11:22  Colossus  
  129  11:25  Templar Archives  
  125  11:27  Probe  
  125  11:30  Zealot x2  
  125  11:31  Zealot, Probe  
  125  11:32  Probe  
  138  11:48  Stalker  
  138  11:50  Zealot x4  
  148  11:54  Pylon  
  148  11:58  Pylon  
  148  11:59  Zealot x3  
  154  12:02  Assimilator  
  154  12:03  Colossus, Assimilator  
  154  12:08  Pylon  
  154  12:16  Probe x3  
  154  12:17  Probe  
  164  12:28  Probe x2  
  166  12:35  Photon Cannon  
  166  12:47  Nexus, Pylon  
  166  12:55  Pylon  
  166  12:56  Colossus  
  166  12:57  Pylon  
  166  12:58  Zealot x8  
  182  13:03  Pylon  
  179  13:08  Probe  
  177  13:17  Probe  
  177  13:18  Probe  
  175  13:24  Zealot x4  
  175  13:26  High Templar x4  
  187  13:28  Probe  
  187  13:30  Probe  
  187  13:33  Archon x2  
  189  13:37  Probe  
  189  13:40  Probe  
  190  13:46  Probe  
  190  13:47  Probe  
  176  13:49  Probe  
  176  13:52  Probe  
  124  13:56  Protoss Ground Armor Level 2, Stalker x3  
  124  13:58  High Templar, Probe  
  124  13:59  Colossus, Probe  
  124  14:01  Probe  
  129  14:02  High Templar  
  129  14:03  High Templar x3  
  129  14:04  Probe  
  129  14:08  Archon  
  129  14:09  Archon  
  138  14:10  Probe  
  142  14:19  High Templar, Zealot x2  
  142  14:24  Probe  
  152  14:26  Archon  
  152  14:33  High Templar  
  152  14:35  High Templar x3  
  158  14:38  Archon  
  158  14:39  Archon  
  155  14:46  Immortal  
  155  14:49  Psionic Storm  
  151  14:54  High Templar x4  
  151  14:58  Archon x2  
  163  15:00  Probe  
  163  15:06  Zealot  
  166  15:07  Zealot x2  
  170  15:14  Stalker  
  170  15:19  Warp Prism  
  174  15:33  Zealot x4  
  174  15:34  Zealot x3  
  187  15:45  Dark Shrine  
  187  15:48  Zealot  
  187  15:49  Probe x2  
  170  15:53  Nexus  
  170  15:55  Pylon  
  170  16:01  Stalker  
  170  16:03  Stalker x3  
  108  16:52  Stalker x3  
  108  16:53  High Templar  
  88  17:25  High Templar  
Show
View Real Time Build Order
Export as new Build Order

soul Terran - Winner!

Build Orders: Banshee Rush 

Get SALT Encoding   

  12  0:00  SCV  
  13  0:13  SCV  
  14  0:17  Supply Depot  
  14  0:25  SCV  
  15  0:38  SCV  
  15  0:40  Barracks  
  16  0:44  Refinery  
  16  0:51  SCV  
  17  1:03  SCV  
  18  1:17  SCV  
  19  1:27  Marine  
  19  1:30  Orbital Command  
  20  1:47  Command Center  
  20  1:56  SCV  
  20  1:59  Factory  
  21  2:03  Barracks Reactor  
  21  2:08  SCV  
  22  2:17  Supply Depot, Refinery  
  22  2:21  SCV  
  23  2:38  SCV  
  23  2:39  Marine x2  
  23  2:42  Starport  
  26  2:46  Widow Mine  
  26  2:50  SCV  
  29  2:57  Marine x2  
  31  3:01  Orbital Command  
  31  3:04  SCV  
  32  3:07  Factory Tech Lab  
  32  3:15  Marine x2  
  32  3:16  SCV  
  32  3:18  Starport Tech Lab  
  35  3:26  Cyclone  
  39  3:35  Bunker  
  39  3:37  Banshee  
  39  3:38  SCV  
  42  3:42  SCV  
  43  3:49  Supply Depot  
  43  3:50  SCV  
  43  3:52  Cloaking Field  
  44  3:56  Marine  
  44  3:57  Marine  
  46  4:03  Supply Depot  
  46  4:11  SCV x2  
  46  4:14  Engineering Bay, Marine  
  49  4:20  Banshee  
  49  4:23  SCV x2  
  54  4:28  Supply Depot  
  53  4:34  Siege Tank  
  53  4:35  SCV x2  
  58  4:38  Marine x2  
  58  4:42  Missile Turret  
  60  4:47  SCV x2  
  62  4:54  Supply Depot  
  62  4:56  Marine x2  
  64  5:00  SCV x2  
  64  5:04  Terran Infantry Weapons Level 1  
  66  5:12  SCV  
  67  5:17  Command Center  
  67  5:21  SCV  
  68  5:23  Factory Tech Lab  
  68  5:25  SCV  
  68  5:28  Marine  
  68  5:35  SCV  
  70  5:42  SCV  
  65  5:46  Engineering Bay, Stimpack, Marine  
  65  5:47  Refinery, Barracks  
  65  5:48  SCV, Refinery, Barracks  
  65  5:49  Supply Depot  
  67  5:55  SCV  
  68  6:02  SCV  
  68  6:03  Supply Depot, Factory Reactor  
  68  6:04  Supply Depot  
  69  6:05  Missile Turret  
  69  6:08  SCV  
  70  6:12  Terran Infantry Armor Level 1  
  70  6:15  SCV  
  70  6:17  Barracks  
  71  6:18  Barracks  
  71  6:23  Starport Reactor, Marine  
  71  6:24  SCV  
  73  6:30  Armory, Orbital Command  
  73  6:34  SCV  
  74  6:42  Widow Mine x2  
  74  6:43  Marine x2, Marauder  
  74  6:44  SCV  
  81  6:49  Supply Depot, SCV  
  81  6:51  Combat Shield  
  82  6:56  SCV  
  82  6:57  Orbital Command  
  82  7:00  Marine  
  84  7:05  Widow Mine x2  
  84  7:07  Barracks Reactor  
  84  7:08  Barracks Tech Lab  
  88  7:09  SCV  
  88  7:11  Missile Turret, Sensor Tower  
  88  7:14  SCV  
  90  7:17  Marauder x2  
  90  7:19  Medivac  
  90  7:21  Medivac, SCV  
  99  7:23  SCV  
  99  7:26  Widow Mine, SCV  
  99  7:27  Widow Mine, Marauder  
  107  7:33  SCV  
  107  7:35  SCV  
  109  7:38  SCV, Terran Infantry Weapons Level 2  
  109  7:42  Supply Depot  
  109  7:43  Marauder x2  
  114  7:45  SCV  
  114  7:46  Concussive Shells  
  114  7:47  SCV  
  114  7:48  Widow Mine x2  
  114  7:51  Refinery x2  
  120  7:55  Supply Depot  
  120  7:56  Supply Depot  
  120  7:59  Marine, Marauder  
  120  8:00  SCV  
  120  8:01  SCV  
  120  8:03  Marine  
  120  8:04  Marauder, SCV  
  120  8:05  Marauder  
  131  8:06  Medivac  
  133  8:17  Marine, Medivac  
  133  8:19  Supply Depot  
  136  8:20  SCV  
  136  8:21  Marauder  
  136  8:22  Supply Depot  
  136  8:23  SCV  
  136  8:24  Marine x2  
  136  8:25  SCV  
  136  8:26  Marauder x2  
  147  8:29  Terran Infantry Armor Level 2  
  147  8:33  Widow Mine  
  151  8:41  Widow Mine, Marine  
  151  8:42  Marauder  
  151  8:43  Supply Depot  
  151  8:47  Supply Depot, Marauder  
  156  8:51  Marine, Marauder  
  156  8:58  Widow Mine  
  158  9:03  Widow Mine  
  158  9:06  Command Center  
  158  9:08  Medivac  
  158  9:09  Medivac  
  156  9:14  Marauder  
  156  9:19  Marine x5, Marauder  
  156  9:20  Widow Mine  
  161  9:24  Widow Mine  
  159  9:35  Marine  
  159  9:36  Marine  
  159  9:37  Marine x2, Marauder  
  158  9:38  Medivac x2  
  158  9:40  Marauder  
  158  9:41  Widow Mine  
  168  9:45  Widow Mine  
  168  9:49  Marine  
  161  9:53  Marauder  
  161  9:58  SCV  
  161  9:59  Starport, Marauder, SCV x2  
  160  10:02  Fusion Core  
  160  10:03  Widow Mine  
  154  10:07  Widow Mine, Marine x2, Marauder  
  154  10:11  SCV x2  
  162  10:15  Liberator x2  
  162  10:18  Planetary Fortress  
  162  10:20  Marauder x2  
  166  10:21  Sensor Tower  
  166  10:24  Widow Mine  
  170  10:28  Widow Mine  
  170  10:33  Terran Ship Weapons Level 1  
  172  10:37  Refinery x2  
  172  10:39  Starport Tech Lab  
  172  10:42  Marine, Marauder x2  
  177  10:52  Liberator  
  177  10:54  Ghost Academy  
  177  10:57  Terran Infantry Weapons Level 3  
  177  10:58  Advanced Ballistics  
  177  10:59  Liberator  
  177  11:00  Command Center  
  177  11:03  Marine, Marauder  
  180  11:05  Liberator  
  164  11:35  Liberator  
  164  11:38  Starport, Terran Infantry Armor Level 3  
  162  11:45  Barracks x2  
  162  11:46  Barracks  
  165  11:58  Command Center  
  165  11:59  Ghost x2  
  169  12:04  Ghost  
  169  12:06  Liberator  
  171  12:14  Planetary Fortress, Bunker  
  171  12:18  Liberator  
  171  12:20  Missile Turret  
  171  12:26  Liberator  
  171  12:27  Ghost  
  176  12:31  Liberator  
  179  12:38  Liberator, Refinery  
  179  12:40  Refinery, Sensor Tower  
  179  12:41  Command Center  
  182  12:50  Liberator  
  187  13:01  Liberator  
  186  13:09  Liberator  
  189  13:14  Liberator  
  192  13:21  Liberator  
  191  13:31  Refinery  
  191  13:33  Liberator  
  189  13:44  Liberator  
  179  13:52  Liberator  
  149  13:56  Marine x8, Marauder  
  163  14:09  Planetary Fortress  
  166  14:10  Planetary Fortress  
  166  14:14  Marine x5, Marauder  
  166  14:15  Barracks Tech Lab  
  166  14:16  Barracks Tech Lab x2  
  180  14:26  Terran Ship Weapons Level 2  
  180  14:38  Ghost x6  
  174  14:39  Marine x4  
  182  14:56  Marine, Viking x4, Barracks  
  182  14:57  Marine x3, Barracks  
  194  15:00  Viking  
  194  15:06  Marine  
  197  15:18  Command Center  
  197  15:26  Viking  
  199  15:30  Liberator  
  199  15:40  Liberator  
  199  15:49  Refinery  
  200  15:51  Refinery  
  200  15:55  Liberator  
  198  15:58  Liberator  
  198  16:04  Barracks  
  200  16:05  Barracks  
  200  16:06  Barracks x2  
  200  16:07  Barracks  
  200  16:08  Barracks  
  200  16:10  Barracks x2  
  189  16:12  Liberator  
  189  16:15  Supply Depot  
  189  16:17  Refinery x2  
  194  16:21  Refinery  
  194  16:23  Liberator  
  188  16:26  Supply Depot  
  188  16:27  Supply Depot  
  188  16:29  Supply Depot  
  184  16:40  Barracks Tech Lab x2  
  184  16:47  Planetary Fortress  
  187  16:50  SCV x2  
  185  17:02  SCV x2  
  184  17:08  Barracks Tech Lab  
  184  17:09  Barracks Tech Lab x4  
  184  17:13  Barracks Tech Lab  
  184  17:14  SCV x2  
  186  17:20  Barracks Tech Lab  
Tags
 
Add a new tag
Caveats
  • Supply blocks, unpowered buildings, or Contaminate may cause inaccurate times.
  • Supply counts are checked every 10 seconds.